 Dungeon Crawl Stone Soup version 0.22-a0-565-gfc6459a524 (webtiles) character file.

408 Kholdaimon the Stinger (level 7, -1/49 HPs)
             Began as a Formicid Venom Mage on June 28, 2018.
             Slain by a howler monkey zombie (2 damage)
             ... on level 5 of the Dungeon.
             The game lasted 00:47:34 (5150 turns).

Kholdaimon the Stinger (Formicid Venom Mage)        Turns: 5150, Time: 00:47:34

Health: -1/49      AC:  3    Str: 15    XL:     7   Next: 13%
Magic:  12/12      EV: 12    Int: 20    God:
Gold:   163        SH:  0    Dex: 11    Spells: 1/12 levels left

rFire    . . .     SeeInvis +   p - +0 hand axe
rCold    . . .     Gourm    .   (no shield)
rNeg     . . .     Faith    .   k - +0 leather armour
rPois    .         Spirit   .   (helmet unavailable)
rElec    .         Reflect  .   (no cloak)
rCorr    .         Harm     .   (no gloves)
MR       +....                  (no boots)
Stlth    ++........             (no amulet)
HPRegen  0.16/turn              i - ring of protection from magic
MPRegen  0.13/turn              w - +6 ring of intelligence

@: no status effects
A: permanent stasis, dig shafts and tunnels, four strong arms, antennae 3
a: Dig, Shaft Self


You were on level 5 of the Dungeon.
You were not hungry.

You visited 1 branch of the dungeon, and saw 5 of its levels.

You collected 163 gold pieces.

Inventory:

Hand Weapons
 p - a +0 hand axe (weapon)
 v - a +1 hunting sling
Missiles
 d - 7 needles of frenzy
 e - 65 stones (quivered)
 h - 32 arrows
 y - 10 poisoned needles
 C - 3 throwing nets
Armour
 a - a +0 robe
 k - a +0 leather armour (worn)
 m - a +0 ring mail
Jewellery
 i - a ring of protection from magic (left hand)
 o - an uncursed ring of see invisible {unknown}
 w - a +6 ring of intelligence (right hand)
Scrolls
 g - 2 scrolls of remove curse
 l - 2 scrolls of amnesia
 n - 2 scrolls of identify
 q - a scroll of enchant weapon
 t - a scroll of magic mapping
Potions
 f - 2 potions of flight
 j - a potion of resistance {unknown}
 r - 4 potions of curing
 s - a potion of cancellation {unknown}
 z - 2 potions of lignification
Comestibles
 c - 9 rations


   Skills:
 + Level 1.9 Fighting
 + Level 2.0 Armour
 - Level 2.0 Dodging
 - Level 3.0 Stealth
 + Level 3.4 Spellcasting
 + Level 2.5 Conjurations
 - Level 2.0 Air Magic
 - Level 6.0 Poison Magic


You had one spell level left.
You knew the following spells:

 Your Spells              Type           Power        Failure   Level  Hunger
a - Sting                 Conj/Pois      ###.         3%          1    None
b - Poisonous Vapours     Pois/Air       ###...       4%          2    ##.....
c - Mephitic Cloud        Conj/Pois/Air  ###.....     12%         3    ###....
d - Venom Bolt            Conj/Pois      ###.......   63%         5    ######.

Your spell library contained the following spells:

 Spells                   Type           Power        Failure   Level  Hunger
 Olgreb's Toxic Radiance  Pois           ####....     14%         4    ####...


Dungeon Overview and Level Annotations

Branches:
Dungeon (5/15)
 Temple: D:4-7

Altars:
Xom


Innate Abilities, Weirdness & Mutations

You cannot be hasted, slowed, berserked, paralysed or teleported.
You can dig through walls and to a lower floor.
Your four strong arms can wield two-handed weapons with a shield.
You have a pair of large antennae on your head. (SInv)


Message History

A howler monkey zombie comes into view.
Found a scroll of identify, a whip and a runed fluorescent wand.
There is a stone staircase leading up here.
You barely miss the howler monkey zombie.
The howler monkey zombie hits you.
* * * LOW HITPOINT WARNING * * *
You barely miss the howler monkey zombie.
The howler monkey zombie misses you.
You barely miss the howler monkey zombie.
The howler monkey zombie hits you but does no damage.
You hit the howler monkey zombie.
The howler monkey zombie is lightly damaged.
The howler monkey zombie hits you.
* * * LOW HITPOINT WARNING * * *
The howler monkey zombie hits you.
* * * LOW HITPOINT WARNING * * *
Your leather armour prevents you from hitting the howler monkey zombie.
The howler monkey zombie is lightly damaged.
The howler monkey zombie hits you.
You die...

#####.#.
/).... {
.....
#....
#...#
#...#
#...#
#.?@#
#.Z## {
#.. ##.
#. { ..
#. #.


You could see a howler monkey zombie.

Vanquished Creatures
  4 hounds (D:4)
  Jessica (D:2)
  Natasha (twice) (D:4)
  3 gnolls (D:3)
  9 adders
  An ooze (D:3)
  3 worms
  5 dart slugs
  A leopard gecko (D:3)
  2 orcs (D:4)
  2 ball pythons
  6 bats
  4 giant cockroaches
  8 goblins
  12 hobgoblins
  4 jackals (D:1)
  A quokka (D:2)
  4 frilled lizards
  6 kobolds
  A leopard gecko skeleton (D:4)
  9 rats
88 creatures vanquished.

Notes
Turn   | Place    | Note
-------+----------+-------------------------------------------
     0 | D:1      | Kholdaimon the Formicid Venom Mage began the quest for the Orb.
     0 | D:1      | Reached XP level 1. HP: 13/13 MP: 3/3
    31 | D:1      | Reached skill level 1 in Conjurations
   134 | D:1      | Reached XP level 2. HP: 19/19 MP: 3/5
   732 | D:1      | Reached XP level 3. HP: 16/24 MP: 0/6
  1976 | D:2      | Reached XP level 4. HP: 30/30 MP: 5/7
  1995 | D:2      | Noticed Jessica
  2001 | D:2      | Killed Jessica
  2001 | D:2      | Reached skill level 5 in Poison Magic
  2276 | D:2      | Learned a level 2 spell: Poisonous Vapours
  2280 | D:2      | Learned a level 3 spell: Mephitic Cloud
  2426 | D:2      | Reached skill level 1 in Fighting
  2570 | D:2      | Reached XP level 5. HP: 37/37 MP: 5/9
  2885 | D:3      | Found a shimmering altar of Xom.
  3090 | D:3      | Reached skill level 1 in Air Magic
  3839 | D:4      | Reached skill level 1 in Armour
  3850 | D:4      | Reached XP level 6. HP: 17/43 MP: 0/10
  4092 | D:4      | Learned a level 5 spell: Venom Bolt
  4423 | D:4      | Noticed a phantom
  4576 | D:4      | Reached skill level 6 in Poison Magic
  4846 | D:4      | Noticed Natasha
  4855 | D:4      | Killed Natasha
  4855 | D:4      | Reached XP level 7. HP: 47/49 MP: 7/11
  4989 | D:4      | Noticed Natasha
  5002 | D:4      | Killed Natasha
  5145 | D:5      | Entered Level 5 of the Dungeon
  5149 | D:5      | HP: 1/49 [howler monkey zombie (2)]
  5150 | D:5      | Slain by a howler monkey zombie

Vault maps used:
D:1:      minmay_arrival_diagonal_passages
D:2:      uniq_jessica
D:3:      lemuel_doored_altar, grunt_ministairs_10
D:4:      first_ration, uniq_natasha
D:5:      portal_sewer_entry_b

Skill      XL: |  1  2  3  4  5  6  7 |
---------------+----------------------+-----
Conjurations   | 1 2 |  2.5
Dodging        | 2 |  2.0
Stealth        | 3 |  3.0
Poison Magic   | 5 6 |  6.0
Fighting       | 1 |  1.9
Spellcasting   | 3 |  3.4
Air Magic      | 1 2 |  2.0
Armour         | 1 2 |  2.0

Action                   |  1- 3 |  4- 6 |  7- 9 || total
-------------------------+-------+-------+-------++-------
Melee: Dagger            |    59 |    10 |       ||    69
       Hand axe          |       |    46 |    33 ||    79
 Fire: Hunting sling     |       |    18 |     3 ||    21
 Cast: Sting             |    75 |    72 |     5 ||   152
       Poisonous Vapours |       |    27 |     4 ||    31
  Use: Scroll            |       |    10 |       ||    10
 Stab: Sleeping          |     1 |     1 |       ||     2
  Eat: Chunk             |     4 |     8 |     1 ||    13
       Ration            |       |     1 |       ||     1
Armor: Robe              |    14 |     1 |       ||    15
       Leather armour    |       |    22 |     5 ||    27
Dodge: Dodged            |    38 |    81 |    20 ||   139

Table legend:
 A = Spawn XP
 B = Non-spawn XP
 C = Spawn XP percentage of total XP
 D = Spawn monster count
 E = Non-spawn monster count
 F = Spawn count percentage of total count
 G = Total turns spent on level
                    A         B        C        D         E        F      G
               +---------+---------+-------+---------+---------+-------+---------
         Total |       0 |     584 |   0.0 |       0 |      88 |   0.0 |  5150
               +---------+---------+-------+---------+---------+-------+---------
           D:1 |       0 |      56 |   0.0 |       0 |      27 |   0.0 |  1770
           D:2 |       0 |      84 |   0.0 |       0 |      21 |   0.0 |   923
           D:3 |       0 |     130 |   0.0 |       0 |      23 |   0.0 |  1252
           D:4 |       0 |     314 |   0.0 |       0 |      17 |   0.0 |  1200
               +---------+---------+-------+---------+---------+-------+---------
